AoeStats
← erickcisneros1990

Hideout

507542006Analyzed
1v1 RM · 14d ago on Sep 18, 2026· 49m 30s· 2 players
Game mode
Random Map
Map size
Tiny (2 player)
Population
200
Speed
Normal
Resources
Standard
Victory
Conquest
Starting age
Dark Age
Ending age
Imperial Age
RankedLock teamsTeams togetherTeam positionsShared explorationLock speedFull tech treeHidden civsTurbo modeCheats
Victory
Defeat
🇲🇽 Ethiopians · Mexico
774
+16
🇨🇴 Chinese · Colombia
764
-16
pablocaicedo83
12:03 Feudal Age
12:46 Horse Collar
17:44 Castle Age
21:50 Stone Mining
21:52 Gold Mining
23:39 Elite Skirmisher
26:46 Fletching
27:02 Pikeman
28:09 Double-Bit Axe
29:30 Bodkin Arrow
31:58 Bow Saw
32:57 Bloodlines
32:52 Husbandry
33:59 Forging
33:55 Scale Barding Armor
34:32 Heavy Plow
35:21 Wheelbarrow
36:08 Chain Barding Armor
37:19 Hand Cart
39:30 Iron Casting
erickcisneros1990
3:18 Loom
10:18 Feudal Age
10:44 Horse Collar
10:50 Double-Bit Axe
14:25 Fletching
21:22 Castle Age
19:56 Stone Mining
22:10 Crossbowman
28:15 Gold Mining
33:12 Imperial Age
31:50 Ballistics
36:19 Town Watch
36:41 Scale Mail Armor
36:52 Forging
39:21 Iron Casting
39:01 Chain Mail Armor
43:22 Royal Heirs
43:54 Chain Mail Armor
Connection lost

Rejoining the realm…

Still unreachable

The connection could not be restored.

Session expired

The server has moved on; the page needs a fresh start.